 Dungeon Crawl Stone Soup version 0.30-a0-586-g23e55c9e0a (webtiles) character file.

Game seed: 7053302864447100470

161 tilp the Shield-Bearer (level 6, 0/52 HPs)
             Began as a Meteoran Fighter on Jan 3, 2023.
             Killed from afar by an orc wizard (2 damage)
             ... with a puff of flame
             ... on level 4 of the Dungeon on Jan 4, 2023.
             The game lasted 00:02:53 (530 turns).

tilp the Shield-Bearer (Meteoran Fighter)            Turns: 530, Time: 00:02:53

Health: 0/52       AC:  9    Str: 18    XL:     6   Next: 1%
Magic:  7/7        EV:  8    Int:  9    God:
Gold:   40         SH:  5    Dex: 16    Spells: 5/5 levels left

rFire   . . .      SeeInvis .    a - +0 long sword
rCold   . . .      Faith    .    c - +0 buckler
rNeg    + . .      Spirit   .    k - +0 chain mail
rPois   +          Reflect  .    (no helmet)
rElec   .          Harm     .    (no cloak)
rCorr   .          Rampage  .    (no gloves)
Will    .....                    (no boots) Stlth
                                 (no amulet)
HPRegen 0.28/turn                f - ring of positive energy
MPRegen 0.10/turn                j - ring of poison resistance

@: glowing
A: sense surroundings 1, otherworldly, glowing, explore regen
a: no special abilities


You were on level 4 of the Dungeon.
You visited 1 branch of the dungeon, and saw 5 of its levels.

You collected 40 gold pieces.

Inventory:

Hand Weapons
 a - a +0 long sword (weapon)
Missiles
 h - 2 stones (quivered)
Armour
 c - a +0 buckler (worn)
 k - a +0 chain mail (worn)
Jewellery
 f - a ring of positive energy (left hand)
 j - a ring of poison resistance (right hand)
Scrolls
 b - a scroll of enchant weapon {unknown}
 g - a scroll of fear {unknown}
 i - 3 scrolls of identify {unknown}
 l - a scroll of vulnerability {unknown}
 m - a scroll of immolation {unknown}
Potions
 d - a potion of might
 e - a potion of heal wounds {unknown}


   Skills:
 + Level 3.9 Fighting
 + Level 3.5 Long Blades
 - Level 4.0 Armour
 * Level 3.3 Dodging
 + Level 1.4 Stealth
 - Level 4.0 Shields


You had 5 spell levels left.
You didn't know any spells.
Your spell library was empty.

Dungeon Overview and Level Annotations

Branches:
Dungeon (5/15) Zot: 2434
 Temple: D:4-7

Altars:
Ashenzari
Ru
Trog


Innate Abilities, Weirdness & Mutations

You passively map a small area around you.
You are easily found by Zot.
You glow in the dark.
You regain HP and MP as you explore.


Message History

The puff of flame hits you.
You hear some strange, mumbled words.
A magic dart appears from out of thin air!
The magic dart hits you.
* * * LOW HITPOINT WARNING * * *
Something hits you but does no damage.
You miss something. Something hits you.
* * * LOW HITPOINT WARNING * * *
Something hits you but does no damage.
You hear some strange, mumbled words.
A puff of flame appears from out of thin air!
The puff of flame hits you.
* * * LOW HITPOINT WARNING * * *
You miss something.
You hear some strange, mumbled words.
A puff of flame appears from out of thin air!
The puff of flame hits something.
You hear some strange, mumbled words.
A magic dart appears from out of thin air!
The magic dart hits you but does no damage.
You hit something but do no damage. Something hits you.
* * * LOW HITPOINT WARNING * * *
You closely miss something. You block something's attack.
You hear some strange, mumbled words.
Something tries to affect you, but you resist.
You completely miss something. Something hits you.
* * * LOW HITPOINT WARNING * * *
The orc closely misses you.
You hear some strange, mumbled words.
A puff of flame appears from out of thin air!
The puff of flame hits you.
* * * LOW HITPOINT WARNING * * *
You hit something.
Reactivating autopickup.
You feel a bit more experienced.
You hear some strange, mumbled words.
A puff of flame appears from out of thin air!
Deactivating autopickup; reactivate with Ctrl-A.
The puff of flame hits you.
You die...

⌠..#'#..⌠#..####
,.........#.....#
* *
#.......#[###..#
* .......#...#..#
,'..._...'...#..#
, ..............#
.......##.##..# ,
, ..............#
.##'.#.⌠#@)#..# ,
*.o..## #{o..##
.#.. #....####
#......### ,
##...# ..... ####
,


You could see an orc.

Vanquished Creatures
  A hound (D:4)
  2 iguanas (D:4)
  3 orc wizards
  A worm (D:4)
  6 orcs
  3 endoplasms
  A giant cockroach (D:1)
  2 hobgoblins (D:4)
  A quokka (D:3)
  2 ball pythons
  A kobold (D:4)
  2 rats (D:3)
25 creatures vanquished.

Notes
Turn   | Place    | Note
-------+----------+-------------------------------------------
     0 | D:1      | tilp the Meteoran Fighter began the quest for the Orb.
     0 | D:1      | Reached XP level 1. HP: 19/19 MP: 2/2
   131 | D:2      | Reached XP level 2. HP: 26/26 MP: 3/3
   196 | D:3      | Found a bloodstained altar of Trog.
   294 | D:4      | Reached skill level 1 in Dodging
   295 | D:5      | Entered Level 5 of the Dungeon
   307 | D:5      | Reached XP level 3. HP: 19/31 MP: 4/4
   334 | D:4      | Found a sacrificial altar of Ru.
   347 | D:4      | Reached XP level 4. HP: 31/39 MP: 5/5
   358 | D:4      | Reached skill level 1 in Stealth
   464 | D:4      | Reached XP level 5. HP: 16/46 MP: 6/6
   482 | D:4      | Reached XP level 6. HP: 17/52 MP: 7/7
   483 | D:4      | Found a broken altar of Ashenzari.
   529 | D:4      | HP: 1/52 [something/puff of flame (6)]
   530 | D:4      | Killed from afar by an orc wizard

Illustrated notes

Levels and vault maps discovered:
D:1:      scummos_arrival_checkerplants, layout_rooms
D:2:      layout_basic, basic_altar, shapermc_ecumenical_altar_venn,
          kennysheep_generic_room_8, uniq_robin
D:3:      layout_basic, mainiacjoe_overflow_24_doors, serial_shops, shop
D:4:      layout_rooms, evilmike_ruin_ashenzari,
          mainiacjoe_overflow_small_starburst
D:5:      layout_cave_pools, okawaru_altar_gauntlet_db,
          mainiacjoe_overflow_alcove_2, gammafunk_temple_overflow_wave,
          chequers_serial_rivers_room_b, hex_large

Skill      XL: |  1  2  3  4  5 |
---------------+----------------+-----
Dodging        | 1 2 3 |  3.3
Shields        | 4 |  4.0
Long Blades    | 3 |  3.5
Armour         | 4 |  4.0
Stealth        | 1 |  1.4
Fighting       | |  3.9

Action                   |  1- 3 |  4- 6 || total
-------------------------+-------+-------++-------
Melee: Long sword        |    34 |    89 ||   123
  Use: Potion            |       |     1 ||     1
Armor: Scale mail        |     4 |       ||     4
       Chain mail        |    15 |    32 ||    47
Dodge: Dodged            |    13 |    13 ||    26
Block: Buckler           |    10 |    20 ||    30

Table legend: (Time is in decaauts)
 A = Elapsed time spent in this place.
 B = Non-inter-level travel time spent in this place.
 C = Inter-level travel time spent in this place.
 D = Time resting spent in this place.
 E = Time spent auto-exploring this place.
 F = Levels seen in this place.
 G = Mean time per level.
                   A        B        C        D        E       F      G
               +--------+--------+--------+--------+--------+-----+--------+
         Total |    564 |    524 |     40 |      0 |      0 |   5 |  112.8 |
       Dungeon |    564 |    524 |     40 |      0 |      0 |   5 |  112.8 |
               +--------+--------+--------+--------+--------+-----+--------+

Top non-repeatable levels by time:
     D:4: 269 daAuts
     D:3: 125 daAuts
     D:1: 106 daAuts
     D:2: 42 daAuts
     D:5: 20 daAuts
